 Dungeon Crawl Stone Soup version 0.20.1-1-g8b1a95d (webtiles) character file.

137 Irenicus the Grave Robber (level 5, -2/42 HPs)
             Began as a Deep Dwarf Necromancer on Nov 12, 2017.
             Killed by divine providence
             ... invoked by an orc priest
              (11 damage)
             ... on level 6 of the Dungeon.
             The game lasted 00:12:32 (1936 turns).

Irenicus the Grave Robber (Deep Dwarf Necromancer)  Turns: 1936, Time: 00:12:33

Health: -2/42      AC:  3    Str: 12    XL:     5   Next: 0%
Magic:  4/10       EV: 12    Int: 16    God:
Gold:   61         SH:  0    Dex: 13    Spells: 2/11 levels left

rFire    + . .     SeeInvis .   (no weapon)
rCold    . . .     Gourm    .   (no shield)
rNeg     . . .     Faith    +   t - +0 leather armour {rF+}
rPois    +         Spirit   .   (no helmet)
rElec    .         Reflect  .   (no cloak)
rCorr    .         Harm     .   (no gloves)
MR       .....                  (no boots)
Stlth    ++........             d - amulet of faith
Regen    0.0/turn               o - ring of poison resistance
MPRegen  0.2/turn               (no ring)

@: non-regenerating
A: damage resistance, heal wounds, sense surroundings 1, no regeneration
a: Heal Wounds


You were on level 6 of the Dungeon.
You were not hungry.

You visited 1 branch of the dungeon, and saw 6 of its levels.

You collected 61 gold pieces.

Inventory:

Armour
 t - a +0 leather armour of fire resistance (worn)
Jewellery
 d - an amulet of faith (around neck)
 o - a ring of poison resistance (left hand)
Wands
 w - a wand of iceblast (6/15)
Scrolls
 e - a scroll of random uselessness {unknown}
 h - 3 scrolls of teleportation
 k - 5 scrolls of enchant armour {unknown}
 l - 3 scrolls of remove curse {unknown}
 n - a scroll of identify {unknown}
 p - 2 scrolls of immolation {unknown}
 q - 2 scrolls of amnesia {unknown}
 r - a scroll of fear {unknown}
 x - a scroll of recharging {unknown}
Potions
 a - a potion of invisibility {unknown}
 f - 3 potions of mutation {unknown}
 i - a potion of haste {unknown}
 j - a potion of lignification {unknown}
 s - a potion of heal wounds {unknown}
 u - a potion of ambrosia {unknown}
 v - a potion of flight {unknown}
 z - a potion of curing {unknown}
Books
 b - a book of Necromancy

   Spells                             Type                      Level
   a - Pain                           Necromancy                   1
   b - Animate Skeleton               Necromancy                   1
   c - Vampiric Draining              Necromancy                   3
   d - Regeneration                   Charms/Necromancy            3
   e - Animate Dead                   Necromancy                   4
   f - Control Undead                 Necromancy                   4
Comestibles
 c - a bread ration
 g - 2 meat rations
 m - a royal jelly


   Skills:
 - Level 2.3 Dodging
 - Level 2.5 Stealth
 + Level 3.9 Spellcasting
 - Level 5.0 Necromancy


You had 2 spell levels left.
You knew the following spells:

 Your Spells              Type           Power        Failure   Level  Hunger
a - Pain                  Necr           ###.         2%          1    None
b - Animate Skeleton      Necr           N/A          2%          1    None
c - Control Undead        Necr           ###.......   26%         4    ####...
e - Vampiric Draining     Necr           ###.......   9%          3    ###....


Dungeon Overview and Level Annotations

Branches:
Dungeon (6/15)             Temple (0/1) D:5

Altars:
Ashenzari
Hepliaklqana
Zin

Annotations:
D:4 Eustachio
D:6 Dowan, Duvessa


Innate Abilities, Weirdness & Mutations

You are resistant to damage.
You can heal yourself by infusing magical energy.
You passively map a small area around you.
You do not regenerate.


Message History

Found 23 sling bullets.
The orc priest hits you.
* * * LOW HITPOINT WARNING * * *
Casting: Pain
Confirm with . or Enter, or press ? or * to list all spells.
Aiming: Vampiric Draining
Press: ? - help, Shift-Dir - straight line, f - orc priest
Aim: an orc priest The orc priest is heavily wounded.
You feel life coursing into your body. The orc priest hits you.
Casting: Vampiric Draining
Confirm with . or Enter, or press ? or * to list all spells.
Aiming: Vampiric Draining
Press: ? - help, Shift-Dir - straight line, f/p - orc priest
Aim: an orc priest (heavily wounded)
The orc priest is almost dead.
You feel life coursing into your body.
The orc priest mumbles some strange prayers to Beogh against you.
Beogh smites you!
You die...

#.............. ,
#.........# #.# * ,
#...).....# #.######..
#.........###........#
#...(.......#..# *
.....###..#.....# .....
*##...#...#
............##..##
.....#####.###..@#
############# ..... #..
#..o.!............#
.....
##....##.####.........#
.#### ###.## .#
#.........# #... .#
#.........#. ...#.. .#
#....<..e.. .(## .# *
#........## .# ..
#....?.e....#
...#.........o


You could see an orc priest.

Vanquished Creatures
  2 orc wizards
  2 adders
  2 oozes (D:1)
  A dart slug (D:1)
  A leopard gecko (D:2)
  4 orcs
  3 giant cockroaches
  A goblin (D:2)
  3 hobgoblins
  8 jackals (D:2)
  6 kobolds
  2 quokkas (D:3)
  2 ball pythons (D:1)
  6 bats
  2 frilled lizards
  2 rats
47 creatures vanquished.

Notes
Turn   | Place    | Note
-------+----------+-------------------------------------------
     0 | D:1      | Irenicus the Deep Dwarf Necromancer began the quest for the Orb.
     0 | D:1      | Reached XP level 1. HP: 15/15 MP: 3/3
    85 | D:1      | Reached XP level 2. HP: 22/22 MP: 1/4
   342 | D:2      | Reached skill level 5 in Necromancy
   402 | D:2      | Reached XP level 3. HP: 24/28 MP: 3/6
   533 | D:2      | Found a shattered altar of Ashenzari.
   612 | D:2      | Learned a level 1 spell: Animate Skeleton
   791 | D:3      | Found a glowing silver altar of Zin.
   825 | D:3      | Learned a level 3 spell: Vampiric Draining
   839 | D:3      | Reached XP level 4. HP: 11/36 MP: 0/8
  1276 | D:4      | Found a hazy altar of Hepliaklqana.
  1544 | D:4      | Reached XP level 5. HP: 14/42 MP: 0/10
  1697 | D:4      | Noticed Eustachio
  1869 | D:5      | Entered Level 5 of the Dungeon
  1912 | D:6      | Noticed Duvessa
  1912 | D:6      | Noticed Dowan
  1922 | D:6      | Learned a level 4 spell: Control Undead
  1936 | D:6      | Killed from afar by an orc priest

Skill      XL: |  1  2  3 |
---------------+----------+-----
Spellcasting   | 2 3 |  3.9
Necromancy     | 5 |  5.0
Dodging        | |  2.3
Stealth        | |  2.5

Action                   |  1- 3 |  4- 6 || total
-------------------------+-------+-------++-------
Melee: Unarmed           |    85 |    12 ||    97
 Cast: Pain              |    52 |    22 ||    74
       Vampiric Draining |     1 |    18 ||    19
       Animate Skeleton  |     1 |       ||     1
  Use: Scroll            |       |     1 ||     1
  Eat: Royal jelly       |     1 |     1 ||     2
       Fruit             |       |     4 ||     4
Armor: Leather armour    |    25 |    21 ||    46
Dodge: Dodged            |    67 |    61 ||   128
